[Event "Live Chess"]
[Site "Chess.com"]
[Date "2023.05.21"]
[Round "-"]
[White "Biranidun"]
[Black "Tushinskiy"]
[Result "1-0"]
[WhiteElo "2638"]
[BlackElo "2168"]
[TimeControl "300"]
[EndTime "17:20:01 PDT"]
[Termination "Biranidun won by resignation"]

1. e4 e5 2. Nf3 d6 3. d4 Bg4 4. dxe5 Nd7 5. exd6 Bxd6 6. Bd3 Qe7 7. Nbd2 Ngf6 8. O-O O-O-O 9. h3 h5 10. Be2 Kb8 11. c3 Nxe4 12. Nxe4 Qxe4 13. Re1 Nf6 14. Kf1 Bc5 15.
Qb3 Qf5 16. Qc4 Bxh3 17. gxh3 Qxh3+ 18. Kg1 Qg3+ 19. Kh1 Bxf2 20. Bf4 Qh3+ 21. Nh2 Bxe1 22. Qxc7+ Ka8 23. Bf3 Nd5 24. Bxd5 Rxd5 25. Rxe1 g5 26. Qxf7 Rhd8 27. Qxd5 Rc8 28. Qxg5 a6 29. Qg2 Qf5 30. Qe4 Qb5 31. b3 Qa5 32. Qg2 Qf5 33. Re7 Qb5 34.
c4 Qb4 35. Bd6 Qb6 36. c5 Qb5 37. Nf3 Rf8 38. Rxb7 Qxb7 39. Bxf8 Ka7 40. Qg7 1-0

[Event "Live Chess"]
[Site "Chess.com"]
[Date "2023.05.21"]
[Round "-"]
[White "CheckThis4"]
[Black "romchyk1219"]
[Result "1-0"]
[WhiteElo "2525"]
[BlackElo "619"]
[TimeControl "300"]
[EndTime "17:21:04 PDT"]
[Termination "CheckThis4 won by checkmate"]

1. d4 Nf6 2. Nc3 g6 3. e4 Bg7 4.
e5 Ng4 5. Qxg4 d6 6. Qf3 O-O 7. Bf4 Nc6 8. O-O-O dxe5 9. dxe5 Qe8 10. Bb5 a6 11.
Bxc6 Qxc6 12. Qxc6 bxc6 13. Nf3 Rb8 14. Rhe1 Be6 15. Nd4 Bd5 16. Nxd5 cxd5 17. Nc6 Rb6 18. Nxe7+ Kh8 19. Nxd5 Rb5 20. Nxc7 Ra5 21. a3 Rc8 22. e6 fxe6 23. Nxe6 Kg8 24. Nxg7 Kxg7 25. Rd7+ Kf6 26. g4 g5 27. Rd6+ Kf7 28. Bd2 Rac5 29. Bc3 Re8 30. Rf6+ Kg7 31. Rxe8 Rxc3 32. bxc3 Kxf6 33. c4 Kf7 34. Re1 Kf6 35. c5 Kg6 36. c6 h5 37.
c7 hxg4 38. c8=Q Kh5 39. Qh8+ Kg6 40. Re6+ Kf5 41. Qf6# 1-0

[Event "Live Chess"]
[Site "Chess.com"]
[Date "2023.05.21"]
[Round "-"]
[White "JoshMcK"]
[Black "Missedidea"]
[Result "1-0"]
[WhiteElo "1541"]
[BlackElo "1806"]
[TimeControl "300"]
[EndTime "17:21:07 PDT"]
[Termination "JoshMcK won on time"]

1. e4 c5 2. c3 Nf6 3. e5 Nd5 4. Nf3 d6 5. exd6 e6 6. g3 Bxd6 7.
Bg2 O-O 8. O-O Nc6 9. d4 cxd4 10. Nxd4 a6 11. Nd2 Bc5 12. N2f3 Qb6 13. Nxc6 bxc6 14. Ne5 Ra7 15. a3 f6 16. Nd3 Bd6 17. c4 Ne7 18. b4 Qb8 19. c5 Bc7 20. Bd2 Nd5 21. Re1 e5 22. Nb2 Be6 23. Bc1 Rd8 24. Qe2 Bf7 25. Bd2 a5 26. Nc4 axb4 27. axb4 Rxa1 28. Rxa1 Nxb4 29. Rb1 Rd4 30. Rxb4 Qd8 31. Bxc6 Bxc4 32. Rxc4 Rxd2 33. Qe3 Rd1+ 34. Kg2 Ba5 35. Ra4 Qc7 36. Qb3+ Kf8 37. Qxd1 Qxc6+ 38. Kg1 Bc7 39. Qc2 g6 40. Ra2 Kg7 41. Ra7 Kh6 42. Qd2+ g5 43. Qc2 e4 44.
Qc4 Bb6 45. Ra6 Qxc5 46. Qxc5 Bxc5 47. Rxf6+ Kg7 48. Rf5 Be7 49. Re5 Bf6 50. Rxe4 Kg6 51. Kg2 Kf5 52. f3 h5 53. h3 1-0

[Event "Live Chess"]
[Site "Chess.com"]
[Date "2023.05.21"]
[Round "-"]
[White "jimwad"]
[Black "Olisingapore"]
[Result "0-1"]
[WhiteElo "1258"]
[BlackElo "1813"]
[TimeControl "300"]
[EndTime "17:21:26 PDT"]
[Termination "Olisingapore won by resignation"]

1. d4 Nf6 2. c4 e6 3. Nc3 Bb4 4. Bd2 c5 5. e3 Nc6 6. Nf3 cxd4 7. exd4 d5 8. c5 O-O 9. a3 Bxc3 10. Bxc3 Ne4 11. Qc2 Nxc3 12. Qxc3 e5 13. Nxe5 Nxe5 14. dxe5 d4 15. Qg3 Bf5 16. Be2 d3 17. Bd1 d2+ 18. Kf1 Bd3+ 19. Kg1 Qd4 20. b4 Qxa1 0-1

[Event "Live Chess"]
[Site "Chess.com"]
[Date "2023.05.21"]
[Round "-"]
[White "NAZRIZ1977"]
[Black "alanmike75"]
[Result "1-0"]
[WhiteElo "2001"]
[BlackElo "1551"]
[TimeControl "300"]
[EndTime "17:21:31 PDT"]
[Termination "NAZRIZ1977 won on time"]

1. d4 d5 2. Nc3 c6 3. Bf4 e6 4. e3 Bd6 5. Nf3 Nf6 6. Bd3 O-O 7.
Qe2 Bxf4 8. exf4 Nbd7 9. O-O-O c5 10. Rdg1 c4 11. Bxh7+ Nxh7 12. g4 Ndf6 13. h4 Qd6 14. Ne5 Ne4 15. Nxe4 dxe4 16. Qxe4 f6 17. Ng6 Re8 18.
g5 f5 19. Qe3 b6 20. h5 Bb7 21.
f3 Qd5 22. Ne5 Rad8 23. c3 b5 24. h6 g6 25. Rh3 b4 26. Nxg6 bxc3 27. bxc3 Qa5 28.
Rh2 Qa3+ 29. Kb1 Bd5 30. Ne5 Rb8+ 31. Ka1 Rb6 32. g6 Nf6 33. h7+ Kg7 34. Nf7 Rb3 35.
h8=Q+ Rxh8 36. Nxh8 Rxc3 37. Qd2 Bxf3 38. Qb2 Bg4 39. Qxa3 Rxa3 40. Nf7 Kxg6 41. Ne5+ Kg7 42. Nxc4 Rd3 43. Ne5 Rxd4 44. Kb2 Rxf4 45. Rb1 Rb4+ 46.
Kc2 Rxb1 47. Kxb1 Ne4 48. Rc2 Kf6 49. Nd3 Kg5 50. Rc7 f4 51. Rxa7 f3 52. Rg7+ Kf5 53.
Rf7+ 1-0

[Event "Live Chess"]
[Site "Chess.com"]
[Date "2023.05.21"]
[Round "-"]
[White "LL220284LL"]
[Black "Doge_Dandolo"]
[Result "1-0"]
[WhiteElo "2324"]
[BlackElo "1964"]
[TimeControl "300"]
[EndTime "17:21:31 PDT"]
[Termination "LL220284LL won by resignation"]

1. b3 Nf6 2. Bb2 g6 3. Nf3 Bg7 4. e3 O-O 5. Be2 c5 6. O-O b6 7.
d4 Bb7 8. Nbd2 d6 9. c4 Nbd7 10. Re1 e6 11. Rc1 Rc8 12. Qc2 Rc7 13. Qb1 Qa8 14. Qa1 Rfc8 15. Nf1 a6 16. Ng3 b5 17. dxc5 Rxc5 18. Bd4 R5c7 19. cxb5 axb5 20. Bxb5 Bxf3 21. Rxc7 Rxc7 22. gxf3 e5 23. Bb2 Qxf3 24. Be2 Qb7 25. Rc1 h5 26. Rxc7 Qxc7 27. Qc1 Qb7 28. Bf1 Ng4 29.
Bg2 Qb8 30. Qd1 Nc5 31. Ne4 Nxe4 32. Bxe4 Qc7 33. Qc2 Qe7 34. Bg2 Qh4 35. h3 Nh6 36.
a4 Qb4 37. Qc4 Qb6 38. Bc3 Nf5 39. a5 Qb8 40. a6 Nh4 41. Qb4 Qc8 42. Qb7 Qf5 43.
a7 Qb1+ 44. Kh2 e4 45. a8=Q+ 1-0

[Event "Live Chess"]
[Site "Chess.com"]
[Date "2023.05.21"]
[Round "-"]
[White "Jo1ts"]
[Black "LiamBellwood"]
[Result "0-1"]
[WhiteElo "801"]
[BlackElo "2058"]
[TimeControl "300"]
[EndTime "17:21:46 PDT"]
[Termination "LiamBellwood won by checkmate"]

1. d4 e6 2. Nf3 f5 3. Bg5 Be7 4. e3 Bxg5 5. Ne5 Nf6 6. h4 Bh6 7. g4 fxg4 8. Nxg4 Nxg4 9. Qxg4 O-O 10. Bd3 Qf6 11. Nd2 Qxf2+ 12. Kd1 Qxe3 13. Re1 Qxd2# 0-1

[Event "Live Chess"]
[Site "Chess.com"]
[Date "2023.05.21"]
[Round "-"]
[White "Conradical12"]
[Black "Baturin_Yevgeniy"]
[Result "1-0"]
[WhiteElo "1616"]
[BlackElo "1800"]
[TimeControl "300"]
[EndTime "17:21:54 PDT"]
[Termination "Conradical12 won on time"]

1. e4 e6 2. d4 d5 3. exd5 exd5 4. Nf3 Nf6 5. c4 c6 6. Nc3 Be7 7. Bd3 O-O 8. O-O Bg4 9. Re1 Bxf3 10.
Qxf3 dxc4 11. Bxc4 Qxd4 12. Bb3 Bc5 13. Be3 Qb4 14.
Rad1 Nbd7 15. Bxc5 Nxc5 16. Bc2 Qxb2 17. Rd2 Qa3 18. Rdd1 Rfd8 19. Rb1 h6 20. Re3 Qa6 21. Qf5 Ne6 22. Ne4 Nxe4 23. Qxe4 Ng5 24. Qf3 Nxf3+ 25. Rxf3 Rd2 26. Bb3 Rf8 27. Re1 Qa3 28. Bxf7+ Rxf7 29. Rxa3 Rfxf2 30. Rg3 Rxa2 31. h3 Kf8 32. Kh2 Rae2 33.
Rd1 Rd2 34. Rb1 Rb2 35. Rd1 Rbd2 36. Rd3 Rxd1 37. Rxd1 Ke7 38. Kg3 Rf6 39. Re1+ Re6 40. Rb1 b6 41. Rc1 c5 42. Ra1 Kd7 43. Rxa7+ Kc6 44.
Rxg7 c4 45. Rg8 Kc5 46. Rh8 Kb4 47. Rc8 b5 48. Kg4 c3 49. Kf5 Rd6 50. Ke5 Kb3 51. Kxd6 b4 52. Kd5 Kb2 53. Kc4 b3 54. Kd3 c2 55. Kd2 c1=Q+ 56. Rxc1 Ka2 57. Rh1 b2 58. Ke3 b1=Q 59. Rxb1 Kxb1 60. g3 Kb2 61. g4 Kb3 62. h4 1-0

[Event "Live Chess"]
[Site "Chess.com"]
[Date "2023.05.21"]
[Round "-"]
[White "wot-not"]
[Black "chessfiction"]
[Result "0-1"]
[WhiteElo "1544"]
[BlackElo "2337"]
[TimeControl "300"]
[EndTime "17:21:59 PDT"]
[Termination "chessfiction won by checkmate"]

1. d4 d5 2. c4 e5 3. dxe5 d4 4. Nf3 Nc6 5. a3 Bg4 6. Nbd2 f6 7. exf6 Nxf6 8. Nb3 Bd6 9. Bg5 O-O 10. Bxf6 Qxf6 11. Nbxd4 Bxf3 12. Nxf3 Qxb2 13. e3 Bxa3 14. Be2 Rad8 15.
Qb1 Bb4+ 16. Kf1 Qf6 17. g3 Rd2 18. Ra2 Rxe2 19. Rxe2 Qxf3 20. Rg1 Ne5 21. Qxb4 Ng4 22. Qb2 Nxe3+ 23. Rxe3 Qxe3 24. Qxb7 Qxf2# 0-1

[Event "Live Chess"]
[Site "Chess.com"]
[Date "2023.05.21"]
[Round "-"]
[White "KeithArkell"]
[Black "SupremeTactician"]
[Result "1-0"]
[WhiteElo "2611"]
[BlackElo "2342"]
[TimeControl "300"]
[EndTime "17:22:20 PDT"]
[Termination "KeithArkell won by resignation"]

1. d4 Nf6 2. Nf3 e6 3. c4 d5 4. cxd5 exd5 5. Nc3 Bf5 6. Bg5 c6 7. e3 Bd6 8. Bd3 Bg6 9. O-O Nbd7 10. Rb1 h6 11. Bxf6 Qxf6 12. b4 Bh5 13. Be2 g5 14. b5 Bxf3 15. Bxf3 h5 16. bxc6 bxc6 17. g3 g4 18. Bg2 Qg5 19. Qa4 Rc8 20. Rb7 Nf6 21.
e4 dxe4 22. Nxe4 Nxe4 23. Bxe4 O-O 24. Bxc6 h4 25. Bd7 Rc1 26. Rb1 Rxf1+ 27. Rxf1 hxg3 28. hxg3 Kg7 29. d5 f5 30. Qd4+ Rf6 31. Re1 f4 32. Re4 Qh6 33. gxf4 Bxf4 34. Bxg4 Qh2+ 35. Kf1 Bg3 36.
Bf3 Qh3+ 37. Ke2 Bd6 38. Bg4 Qa3 39. Re6 Qb2+ 40. Qxb2 1-0

[Event "Live Chess"]
[Site "Chess.com"]
[Date "2023.05.21"]
[Round "-"]
[White "luckywookie"]
[Black "GMHarry-youtube"]
[Result "0-1"]
[WhiteElo "766"]
[BlackElo "2035"]
[TimeControl "300"]
[EndTime "17:22:46 PDT"]
[Termination "GMHarry-youtube won by checkmate"]

1. e4 c5 2. c3 d5 3. exd5 Qxd5 4.
d4 g6 5. Nf3 Bg7 6. Na3 Nc6 7.
Nb5 Qd8 8. Bc4 a6 9. Na3 b5 10. Bd5 Qxd5 11. O-O Bg4 12. Re1 cxd4 13. Nc2 Bxf3 14.
gxf3 d3 15. Ne3 Qg5+ 16. Ng4 Qf5 17. Be3 h5 18. Qd2 hxg4 19. fxg4 Qxg4+ 20. Kf1 Rxh2 21. f3 Rh1+ 22. Kf2 Qh4+ 23. Kg2 Qh2# 0-1

[Event "Live Chess"]
[Site "Chess.com"]
[Date "2023.05.21"]
[Round "-"]
[White "Balu13"]
[Black "gmnorfolk"]
[Result "0-1"]
[WhiteElo "853"]
[BlackElo "2118"]
[TimeControl "300"]
[EndTime "17:22:57 PDT"]
[Termination "gmnorfolk won by resignation"]

1. e4 c5 2. f4 g6 3. Nc3 Bg7 4. e5 d6 5. Nf3 Nc6 6. Bc4 dxe5 7. O-O e6 8. Ng5 Qd4+ 9. Kh1 Qxc4 10. fxe5 Nxe5 11.
Nxf7 Nxf7 12. Qf3 Nf6 13. d3 Qg4 14. Qxg4 Nxg4 15. h3 Nf6 16. Bh6 Nxh6 0-1

[Event "Live Chess"]
[Site "Chess.com"]
[Date "2023.05.21"]
[Round "-"]
[White "nigelst"]
[Black "LanceMaster23"]
[Result "0-1"]
[WhiteElo "1799"]
[BlackElo "1890"]
[TimeControl "300"]
[EndTime "17:23:02 PDT"]
[Termination "LanceMaster23 won on time"]

1. e4 c5 2. Nf3 Nc6 3. Bb5 Qc7 4. O-O d6 5. c3 a6 6. Ba4 Nf6 7. Re1 b5 8. Bc2 Bg4 9. h3 Bh5 10. g4 Bg6 11. d4 cxd4 12. cxd4 Nb4 13. Bd3 Bxe4 14.
Bxe4 Nxe4 15. Rxe4 Nc2 16. Nc3 Nxa1 17. Bf4 b4 18.
Nd5 Qa5 19. Nxe7 Bxe7 20. Qxa1 Ra7 21. Qe1 Qd8 22. d5 O-O 23. Qe3 Rb7 24. Nd4 Bf6 25. Nc6 Qb6 26. Qg3 Be5 27. Bxe5 dxe5 28. Qxe5 Qc5 29.
Ne7+ Kh8 30. Nf5 f6 31. Qe6 Qc8 32. Qxa6 Qc1+ 33. Kg2 Rbb8 34. Qa7 Qg5 35. h4 Qg6 36. h5 Qf7 37. Re7 Qxd5+ 38. Kh3 Qh1+ 39. Kg3 Qg1+ 40. Kf3 Qd1+ 41. Kg2 Qxg4+ 42. Kf1 Qxf5 0-1

[Event "Live Chess"]
[Site "Chess.com"]
[Date "2023.05.21"]
[Round "-"]
[White "Doge_Dandolo"]
[Black "NAZRIZ1977"]
[Result "0-1"]
[WhiteElo "1956"]
[BlackElo "2010"]
[TimeControl "300"]
[EndTime "17:23:06 PDT"]
[Termination "NAZRIZ1977 won by resignation"]

1. Nf3 g6 2. c4 Bg7 3. Nc3 Nf6 4.
e4 d6 5. d4 O-O 6. Be2 e5 7.
dxe5 dxe5 8. Qxd8 Rxd8 9. Bg5 c6 10. Nxe5 Re8 11. O-O-O Be6 12. f3 Na6 13. Bxf6 Bxf6 14. Ng4 Bg7 15. Ne3 Bh6 16. Rd3 Nc5 0-1

[Event "Live Chess"]
[Site "Chess.com"]
[Date "2023.05.21"]
[Round "-"]
[White "EdenHazard8"]
[Black "Cimon"]
[Result "1-0"]
[WhiteElo "1995"]
[BlackElo "1856"]
[TimeControl "300"]
[EndTime "17:23:10 PDT"]
[Termination "EdenHazard8 won by resignation"]

1. e4 c5 2. Nc3 Nc6 3. f4 d6 4.
Nf3 g6 5. Bb5 Bg7 6. d3 Nf6 7. O-O O-O 8. Bxc6 bxc6 9. Qe1 Rb8 10. Qh4 Ne8 11. f5 f6 12. Bh6 e5 13. Bxg7 Nxg7 14.
fxg6 hxg6 15. Qh6 Qe8 16. Nh4 Rb7 17. Nxg6 Kf7 18. Nxf8 Qxf8 19. Qxf6+ 1-0

[Event "Live Chess"]
[Site "Chess.com"]
[Date "2023.05.21"]
[Round "-"]
[White "raminguy"]
[Black "Biranidun"]
[Result "0-1"]
[WhiteElo "1951"]
[BlackElo "2639"]
[TimeControl "300"]
[EndTime "17:23:12 PDT"]
[Termination "Biranidun won by resignation"]

1. d4 Nf6 2. Nc3 d5 3. Bf4 g6 4.
e3 Bg7 5. h4 c6 6. Be2 h5 7.
Nf3 Bg4 8. Ne5 Bxe2 9. Qxe2 Nbd7 10. O-O-O Rc8 11. f3 b5 12. g4 hxg4 13. fxg4 b4 14. Nb1 Ne4 15. h5 g5 16. Bh2 Nxe5 17. dxe5 Qa5 18.
Qf3 e6 19. Rdf1 Rc7 20. Bg1 Bxe5 21. h6 Qxa2 0-1

[Event "Live Chess"]
[Site "Chess.com"]
[Date "2023.05.21"]
[Round "-"]
[White "chessfiction"]
[Black "Jo1ts"]
[Result "1-0"]
[WhiteElo "2337"]
[BlackElo "801"]
[TimeControl "300"]
[EndTime "17:23:43 PDT"]
[Termination "chessfiction won by resignation"]

1. e4 d5 2. exd5 Qxd5 3. c4 Qc5 4. d4 Qb4+ 5. Nc3 Nf6 6. Nf3 Nc6 7. a3 Qa5 8. b4 Qh5 9. d5 Ne5 10. Be2 Nxf3+ 11. Bxf3 Qg5 12. Bxg5 1-0

[Event "Live Chess"]
[Site "Chess.com"]
[Date "2023.05.21"]
[Round "-"]
[White "JoshMcK"]
[Black "LL220284LL"]
[Result "0-1"]
[WhiteElo "1541"]
[BlackElo "2324"]
[TimeControl "300"]
[EndTime "17:23:48 PDT"]
[Termination "LL220284LL won by checkmate"]

1. e4 c5 2. c3 d5 3. exd5 Qxd5 4. d4 Nf6 5. Nf3 e6 6. Na3 cxd4 7. Nb5 Na6 8. Nbxd4 Bc5 9. Bxa6 bxa6 10. O-O O-O 11. Be3 Bb7 12. h3 Rad8 13. Qe2 Bb6 14. Nc2 Qh5 15. Nfd4 Qg6 16. Rad1 Qxg2# 0-1

[Event "Live Chess"]
[Site "Chess.com"]
[Date "2023.05.21"]
[Round "-"]
[White "LodeshChess"]
[Black "John_Warren"]
[Result "1-0"]
[WhiteElo "1132"]
[BlackElo "1151"]
[TimeControl "300"]
[EndTime "17:23:57 PDT"]
[Termination "LodeshChess won by resignation"]

1. e4 d5 2. exd5 Qxd5 3. Nc3 Qe5+ 4. Be2 e6 5. Nf3 Qh5 6. O-O Nf6 7. d4 Be7 8. Ne5 Qf5 9. Bg4 Nxg4 10. Nxg4 O-O 11. Ne3 Qg6 12. Nb5 Na6 13. c3 c6 14. Na3 c5 15. dxc5 Nxc5 16. Nac4 b5 17. Ne5 Qe4 18. Nf3 Bb7 19. Qd4 Qg6 20. Qg4 Qxg4 21. Nxg4 Nd3 22. Nd4 Nxc1 23. Raxc1 Bf6 24. Nxf6+ gxf6 25. Nxb5 a6 26.
Nd6 Bd5 27. Rfe1 Rab8 28. b3 Rfd8 29. Ne4 Bxe4 30. Rxe4 f5 31. Re3 Kh8 32. c4 Rb6 33. g3 Rc6 34. Ree1 Rdc8 35. Rcd1 a5 36. Rd7 Kg7 37.
Ra7 Rc5 38. Rd1 R8c7 39. Rd7 Rxd7 40. Rxd7 Kg6 41. Ra7 h5 42. f4 e5 43. Ra6+ f6 44.
fxe5 Rxe5 45. Kf2 Kg5 46. Kf3 h4 47. gxh4+ Kxh4 48. Rxf6 Kg5 49. Ra6 Rc5 50. Ra8 Kf6 51. Kf4 Ke6 52. h4 Kf6 53. h5 Kg7 54. Ra6 Kh7 55.
Ra7+ Kh6 56. Rf7 Kxh5 57. Rxf5+ Rxf5+ 58. Kxf5 Kh4 59. c5 Kh3 60. c6 1-0

[Event "Live Chess"]
[Site "Chess.com"]
[Date "2023.05.21"]
[Round "-"]
[White "xx_blindpuffin_xx"]
[Black "Tilbs_12"]
[Result "1/2-1/2"]
[WhiteElo "2213"]
[BlackElo "1565"]
[TimeControl "300"]
[EndTime "17:24:02 PDT"]
[Termination "Game drawn by repetition"]

1. d3 d5 2. Nd2 e5 3. c4 c6 4. g3 Nf6 5. Bg2 Be6 6. Ngf3 Nbd7 7. O-O Bd6 8. b3 O-O 9. Bb2 d4 10. a3 a5 11. Qc2 c5 12. Ng5 Rb8 13. Nxe6 fxe6 14.
e3 Qe8 15. Rae1 Qh5 16. exd4 cxd4 17. Ne4 Nxe4 18. Rxe4 Nf6 19. Ree1 Ng4 20. h3 Nf6 21. c5 Bc7 22. b4 Nd5 23. Qb3 axb4 24. axb4 Rfd8 25.
Re4 Qf7 26. Rfe1 Qd7 27. h4 Qb5 28. Bh3 Re8 29. Bxd4 Qxb4 30. Qxb4 Nxb4 31. Bxe5 Bxe5 32. Rxe5 Nxd3 33. R5e3 Nxe1 34. Rxe1 e5 35. Rb1 Re7 36. c6 b5 37. Bd7 Rxd7 38. cxd7 Kf7 39. f3 Ke7 40.
Rd1 b4 41. Kf2 b3 42. Ke3 b2 43. Rb1 Kxd7 44. Ke4 Ke6 45. g4 g6 46. Ke3 Rb4 47.
Kd3 Rb3+ 48. Ke2 Kd5 49. Rd1+ Kc4 50. Rb1 Kc3 51. Kd1 Kd4 52. Ke2 e4 53. f4 Kc3 54.
Kd1 Ra3 55. Ke2 Ra1 56. Rxb2 Kxb2 57. Ke3 Ra4 58. f5 gxf5 59. gxf5 Kc3 60. f6 Ra6 61. f7 Rf6 62. Kxe4 Rxf7 63. Ke5 Rg7 64. Kf6 Rg1 65. Kf5 Kd3 66. Kf4 Kd4 67. Kf3 Kd5 68. Kf2 Ke6 69.
Kxg1 Kf5 70. Kh2 Kg4 71. Kg2 Kxh4 72. Kh2 Kg5 73. Kg2 h5 74. Kh2 h4 75. Kg2 Kg4 76. Kh2 h3 77. Kh1 Kh4 78. Kg1 Kg3 79. Kh1 Kf3 80. Kg1 Kg3 81. Kh1 Kf3 82. Kg1 Kg3 1/2-1/2

[Event "Live Chess"]
[Site "Chess.com"]
[Date "2023.05.21"]
[Round "-"]
[White "LutherSullivan"]
[Black "peter-785"]
[Result "1-0"]
[WhiteElo "2103"]
[BlackElo "1194"]
[TimeControl "300"]
[EndTime "17:24:06 PDT"]
[Termination "LutherSullivan won by checkmate"]

1. b3 c5 2. Bb2 e6 3. e3 Nf6 4. Nf3 Be7 5. d4 cxd4 6. Nxd4 d6 7. Nd2 O-O 8. Be2 a6 9. O-O b5 10. Bf3 Ra7 11. c4 bxc4 12. Nxc4 Bb7 13. Bxb7 Rxb7 14. Qf3 d5 15. Ne5 Bd6 16. Ndc6 Nxc6 17. Nxc6 Qd7 18. Rac1 Re8 19. Bxf6 gxf6 20. Qxf6 e5 21.
Qg5+ Kh8 22. Qf6+ Kg8 23. e4 Re6 24. Qd8+ Re8 25. Qg5+ Kh8 26. Qf6+ Kg8 27. Rc3 Re6 28.
Rg3+ Kf8 29. Qh8# 1-0

[Event "Live Chess"]
[Site "Chess.com"]
[Date "2023.05.21"]
[Round "-"]
[White "grillage"]
[Black "CeladonFish"]
[Result "1-0"]
[WhiteElo "1814"]
[BlackElo "1108"]
[TimeControl "300"]
[EndTime "17:24:21 PDT"]
[Termination "grillage won by checkmate"]

1. d4 Nf6 2. Nc3 g6 3. Bf4 Bg7 4. e4 O-O 5. e5 Nh5 6. Bd2 d6 7.
g4 dxe5 8. gxh5 exd4 9. Ne4 Bf5 10. Bd3 Bxe4 11. Bxe4 d3 12. Bxd3 Bxb2 13. Rb1 Bg7 14.
Rxb7 Qd5 15. Qf3 Qxa2 16. Ne2 Qa1+ 17. Bc1 Bh6 18. O-O Bxc1 19. Rxc1 Qf6 20. Qxf6 exf6 21. Rxc7 gxh5 22. Nf4 h4 23. Nh5 Na6 24. Re7 Nc5 25. Bf5 h6 26. Nxf6+ Kg7 27. Nd7 Nxd7 28. Rxd7 Rfd8 29. Ra1 Rxd7 30. Bxd7 Kf6 31. c4 a5 32. c5 Ke7 33. c6 Kd8 34. Ra4 Kc7 35.
Kg2 f6 36. Kh3 f5 37. Kxh4 f4 38. Kg4 Rg8+ 39. Kxf4 Rg2 40. Kf3 Rxh2 41. Rxa5 h5 42.
Ra7+ Kb8 43. Rb7+ Ka8 44. Rb2 Rh3+ 45. Bxh3 h4 46. c7 Ka7 47. Rc2 Kb6 48. c8=Q Kb5 49. Rb2+ Ka5 50. Qa8# 1-0

[Event "Live Chess"]
[Site "Chess.com"]
[Date "2023.05.21"]
[Round "-"]
[White "Conradical12"]
[Black "LiamBellwood"]
[Result "0-1"]
[WhiteElo "1615"]
[BlackElo "2059"]
[TimeControl "300"]
[EndTime "17:24:22 PDT"]
[Termination "LiamBellwood won by resignation"]

1. e4 e6 2. Nf3 d5 3. exd5 exd5 4. d4 Bd6 5. Bd3 Ne7 6. Be3 Bg4 7. Nbd2 c6 8. c3 Qd7 9. Qc2 Bf5 10. O-O-O Bxd3 11. Qxd3 Qf5 12. Qe2 O-O 13. h4 Re8 14.
h5 Qe6 15. h6 Nf5 16. Rde1 Nxe3 17. fxe3 Bf4 18. Nf1 Bxh6 19. Qf2 Nd7 20. Qg3 0-1

[Event "Live Chess"]
[Site "Chess.com"]
[Date "2023.05.21"]
[Round "-"]
[White "stevochess11"]
[Black "Man-Del-Brot"]
[Result "1-0"]
[WhiteElo "1794"]
[BlackElo "1065"]
[TimeControl "300"]
[EndTime "17:25:27 PDT"]
[Termination "stevochess11 won on time"]

1. d4 Nf6 2. Nf3 d5 3. e3 Nbd7 4. Bd3 c6 5. b3 g6 6. Bb2 c5 7. Nbd2 e6 8. O-O a6 9. Ne5 Be7 10. f4 b5 11. Ndf3 Ne4 12. Bxe4 dxe4 13. Ng5 O-O 14.
Nxe4 cxd4 15. Bxd4 Bb7 16. Ng5 Nxe5 17. Bxe5 Bxg5 18. fxg5 Qxg5 19. Qe2 Qxe5 20. Rad1 Rad8 21. Rde1 b4 22. e4 Bc6 23. Qxa6 Bb5 24. Qa5 Qb8 25. Rf3 Rd6 26. Qxb4 Rfd8 27. c4 Ba6 28. Qc3 Rd1 29. Ref1 R8d2 30. Qf6 Rxf1+ 31. Rxf1 Qb6+ 32. Kh1 Rd7 33. h4 Qd4 34. Qg5 Qxe4 35. h5 Bb7 36. hxg6 Qxg6 37.
Qxg6+ hxg6 38. Kh2 Rd4 39. Rc1 Rh4+ 40. Kg3 Rh5 41. c5 Rg5+ 42. Kf4 Rxg2 43. c6 Bc8 44. c7 1-0

[Event "Live Chess"]
[Site "Chess.com"]
[Date "2023.05.21"]
[Round "-"]
[White "Hussamalhaidar"]
[Black "LiamClery2020"]
[Result "0-1"]
[WhiteElo "1071"]
[BlackElo "2032"]
[TimeControl "300"]
[EndTime "17:25:51 PDT"]
[Termination "LiamClery2020 won by checkmate"]

1. b3 Nf6 2. Bb2 Nc6 3. e3 e5 4. Bb5 d6 5. d3 Bd7 6. Nf3 Ne7 7.
Bxd7+ Qxd7 8. Nbd2 Ng6 9. O-O Be7 10. h3 O-O 11. d4 e4 12. Ne1 d5 13. f4 exf3 14. Nexf3 Bd6 15. Ne5 Qe6 16. Ndf3 Nd7 17. Ng5 Qe7 18. Ngxf7 Ngxe5 19. Nxd6 Rxf1+ 20. Qxf1 cxd6 21. dxe5 dxe5 22. Rd1 Nb6 23. a4 Rf8 24. Qd3 Qf7 25.
Bxe5 Qf2+ 26. Kh2 Re8 27. Bf4 Qh4 28. g3 Qf6 29. a5 Nc8 30. Qxd5+ Kh8 31. h4 Qg6 32. c4 Ne7 33. Qxb7 Qc2+ 34. Kh3 Qxd1 35. Bg5 Ng6 36. Qxa7 Qh1+ 37. Kg4 Qe4+ 38. Bf4 Ne5+ 39. Kh3 Qh1# 0-1

[Event "Live Chess"]
[Site "Chess.com"]
[Date "2023.05.21"]
[Round "-"]
[White "DerbyKnight"]
[Black "DaveL5678"]
[Result "1-0"]
[WhiteElo "1570"]
[BlackElo "996"]
[TimeControl "300"]
[EndTime "17:25:52 PDT"]
[Termination "DerbyKnight won by checkmate"]

1. d4 Nf6 2. Nf3 g6 3. Nc3 c6 4. e4 d5 5. e5 Ng4 6. h3 Nh6 7.
Bf4 e6 8. Qd2 Nd7 9. Bxh6 Bxh6 10.
Qxh6 c5 11. Qg7 Rf8 12. O-O-O cxd4 13. Rxd4 Qb6 14. Nb5 Nc5 15. Nd6+ Ke7 16. Qf6+ Kd7 17. Bb5+ Kc7 18. Qe7+ Nd7 19. Rhd1 a6 20. Ba4 Qc5 21.
R1d3 b5 22. Rc3 Qxc3 23. bxc3 bxa4 24. Rxa4 Bb7 25. Nxb7 Rfb8 26. Qd6+ Kxb7 27. Qxd7+ Kb6 28. Rb4+ Ka5 29. Qa4# 1-0

[Event "Live Chess"]
[Site "Chess.com"]
[Date "2023.05.21"]
[Round "-"]
[White "WelshTiger"]
[Black "Long1968"]
[Result "1-0"]
[WhiteElo "2348"]
[BlackElo "1109"]
[TimeControl "300"]
[EndTime "17:26:14 PDT"]
[Termination "WelshTiger won on time"]

1. e4 e6 2. d4 d5 3. Nd2 Nf6 4. e5 Nfd7 5. Bd3 c5 6. c3 Qb6 7.
Ne2 Nc6 8. Nf3 cxd4 9. cxd4 Be7 10. O-O f6 11. exf6 Nxf6 12. b3 O-O 13. Bb2 Bd7 14.
Rc1 Bd6 15. Bb1 Rae8 16. Ng3 e5 17. dxe5 Nxe5 18. Nxe5 Bxe5 19. Ba3 Rf7 20. Bc5 Qa5 21. b4 Qa4 22. Bc2 Qxa2 23. Bb3 Qa6 24. Re1 Bxg3 25.
Rxe8+ Bxe8 26. hxg3 Bc6 27. Qd4 Qe2 28. Qf4 Ne8 29. Qb8 Rxf2 30. Bxf2 Qd2 31. Re1 1-0

[Event "Live Chess"]
[Site "Chess.com"]
[Date "2023.05.21"]
[Round "-"]
[White "romchyk1219"]
[Black "domrobson"]
[Result "0-1"]
[WhiteElo "619"]
[BlackElo "1740"]
[TimeControl "300"]
[EndTime "17:26:27 PDT"]
[Termination "domrobson won by checkmate"]

1. e4 e5 2. Nf3 Nc6 3. Bb5 a6 4. Ba4 Nf6 5. Nc3 b5 6. Bb3 d6 7.
O-O Bg4 8. h3 Bh5 9. d3 Nd4 10.
Nxd4 Bxd1 11. Nxd1 exd4 12. Bg5 h6 13. Bh4 g5 14. Bg3 c5 15. c3 dxc3 16. Nxc3 Bg7 17. Bc2 O-O 18. Rfd1 Nh5 19. d4 Nxg3 20. fxg3 Bxd4+ 21. Kh2 h5 22. Ne2 Be5 23. h4 gxh4 24. Kh3 hxg3 25.
Nxg3 Bxg3 26. Kxg3 Qg5+ 27. Kf3 Qg4+ 28. Ke3 Rae8 29.
Rxd6 f5 30. Rxa6 fxe4 31. Ra5 Qxg2 32. Rxb5 Qf2# 0-1

[Event "Live Chess"]
[Site "Chess.com"]
[Date "2023.05.21"]
[Round "-"]
[White "Cimon"]
[Black "Biranidun"]
[Result "0-1"]
[WhiteElo "1856"]
[BlackElo "2639"]
[TimeControl "300"]
[EndTime "17:26:39 PDT"]
[Termination "Biranidun won by resignation"]

1. Nf3 Nf6 2. d4 g6 3. c4 Bg7 4. g3 O-O 5. Bg2 d5 6. O-O dxc4 7. Qc2 Nfd7 8. e4 Nb6 9. Be3 Nc6 10. Rd1 Bg4 11. e5 Nb4 12. Qc3 N4d5 13. Qe1 c6 14.
Bd2 Na4 15. Bc3 b5 16. a3 a5 17. Qe2 e6 18. h3 Bxf3 19. Bxf3 b4 20. axb4 axb4 21.
Be1 Qb6 22. Qxc4 Nxb2 23. Rxa8 Nxc4 24. Rxf8+ Bxf8 0-1